 Dungeon Crawl Stone Soup version 0.16.1 (console) character file.

18 gw the Shooter (level 2, -1/20 HPs)
             Began as a High Elf Hunter on Mar 24, 2015.
             Was an Initiate of Trog.
             Slain by a quokka (3 damage)
             ... on level 2 of the Dungeon.
             The game lasted 00:00:44 (866 turns).

gw the Shooter (High Elf Hunter)                     Turns: 866, Time: 00:00:44

Health: -1/20      AC:  4    Str: 11    XL:     2   Next: 48%
Magic:  3/3        EV: 12    Int: 14    God:    Trog [......]
Gold:   58         SH:  0    Dex: 15    Spells: 0 memorised, 1 level left

rFire  . . .     SeeInvis .     a - +0 short sword
rCold  . . .     Clarity  .     d - +0 leather armour
rNeg   . . .     SustAb   .     (no shield)
rPois  .         Gourm    .     (no helmet)
rElec  .         Spirit   .     e - +0 cloak
rCorr  .         Warding  .     (no gloves)
rMut   .         Stasis   .     (no boots)
MR     .....                    (no amulet)
Stlth  ++........               (no ring)
                                (no ring)

@: not resistant to hostile enchantments, unstealthy
A: no striking features
a: Burn Spellbooks, Renounce Religion


You were on level 2 of the Dungeon.
You worshipped Trog.
Trog was noncommittal.
You were not hungry.

You visited 1 branch of the dungeon, and saw 2 of its levels.

You collected 58 gold pieces.

Inventory:

Hand weapons
 a - a +0 short sword (weapon)
 b - a +1 shortbow
Missiles
 c - 12 arrows
Armour
 d - a +0 leather armour (worn)
 e - a +0 cloak (worn)
Scrolls
 j - a scroll of noise {unknown}
Potions
 h - a potion of flight {unknown}
 i - a potion of curing {unknown}
Comestibles
 f - 2 bread rations
 g - a royal jelly


   Skills:
 + Level 2.3 Fighting
 * Level 5.8 Bows
 + Level 2.5 Dodging
 - Level 1.1 Stealth


You had one spell level left.
You didn't know any spells.

Dungeon Overview and Level Annotations

Branches:
Dungeon (2/15)

Altars:
Okawaru
Trog


Message History

You hit the quokka.
The quokka is almost dead.
The quokka barely misses you.
Unknown command.
Unknown command.
Unknown command.
Unknown command.
ATTACKING (0,-1)
You miss the quokka.
The quokka is almost dead.
The quokka completely misses you.
Unknown command.
Unknown command.
Unknown command.
Unknown command.
ATTACKING (0,-1)
You hit the quokka but do no damage.
The quokka is almost dead.
The quokka bites you.
You die...

..##..## #.......#
..#....# #.#
.##.}._#######.###
.#.....#..?....((#
.#....##.#######.#
.'...}# #.#
.#....## #.#
.#.....# #r#
.##.}._# #e#
..#....# #.#
.###..##.#######.#
.#######.........#
.##.# #####.#####
.##.# #.# .##.#
#.# .##.# #.#
.##.# #.#


You could see a quokka.

Table legend:
 A = Turns spent in this place as a percentage of turns spent in the entire game.
 B = Non-inter-level travel turns spent in this place as a percentage of non-inter-level travel turns spent in the entire game.
 C = Inter-level travel turns spent in this place as a percentage of turns spent in this place.
 D = Turns resting spent in this place as a percentage of non-inter-level travel turns spent in this place.
 E = Turns spent auto-exploring this place as a percentage of non-inter-level travel turns spent in this place.
 F = Non-inter-level travel turns spent in this place divided by the number of levels of this place that you've seen.
                   A       B       C       D       E      F
               +-------+-------+-------+-------+-------+----------------------
         Total | 100.0 | 100.0 |   0.0 |   1.1 |   2.5 | 544.0
       Dungeon | 100.0 | 100.0 |   0.0 |   1.1 |   2.5 | 544.0
               +-------+-------+-------+-------+-------+----------------------

Table legend:
 A = Kills in this place as a percentage of kills in entire the game.
 B = Kills by you in this place as a percentage of kills by you in the entire game.
 C = Kills by friends in this place as a percentage of kills by friends in the entire game.
 D = Other kills in this place as a percentage of other kills in the entire game.
 E = Experience gained in this place as a percentage of experience gained in the entire game.
 F = Experience gained in this place divided by the number of levels of this place that you have seen.
                   A       B       C       D       E      F
               +-------+-------+-------+-------+-------+----------------------
         Total | 100.0 | 100.0 |  -nan |  -nan | 100.0 |  13.0
       Dungeon | 100.0 | 100.0 |  -nan |  -nan | 100.0 |  13.0
               +-------+-------+-------+-------+-------+----------------------

Vanquished Creatures
  An adder (D:2)
  2 goblins
  2 hobgoblins (D:2)
  3 bats (D:2)
  2 giant newts
  A kobold (D:2)
  2 rats (D:2)
13 creatures vanquished.

Notes
Turn   | Place    | Note
--------------------------------------------------------------
     0 | D:1      | gw, the High Elf Hunter, began the quest for the Orb.
     0 | D:1      | Reached XP level 1. HP: 14/14 MP: 2/2
    50 | D:1      | You fall through a shaft!
   338 | D:2      | Reached XP level 2. HP: 18/20 MP: 3/3
   586 | D:2      | Found an iron altar of Okawaru.
   587 | D:2      | Found a bloodstained altar of Trog.
   593 | D:2      | Became a worshipper of Trog the Wrathful
   862 | D:2      | HP: 1/20 [quokka (1)]
   866 | D:2      | Slain by a quokka

Action                   || total
-------------------------++-------
Melee: Short sword       ||    32
 Fire: Shortbow          ||    25

Vault maps used:
D:1:      saegor_arrival_simple_b, minmay_misc_feat_encased
D:2:      lemuel_upstairs_altar, gammafunk_temple_overflow_pools, first_bread,
          minmay_misc_feat_five
